General information
- name: BNet
- type: Ladder team game (AT/RT)
- host: Battle.net
- saver: MyBladeKlsFags
map: TwilightRuins
- players: 8
- length: 72:50
- speed: Fast
- version: 1.27 W3XP
- replay type: Public
» download(385 KB)
Players
team 1 (winner)

»
Derdan (
purple | 45 APM | 3307 actions | 72:49)
10 Death Knight
3 Death Coil
3 Unholy Aura
1 Animate Dead
3 Death Pact
1 Lich
1 Dark Ritual
» actions
| Assign group hotkey | 42 | |
| Basic commands | 27 | |
| Build / train | 98 | |
| ESC pressed | 7 | |
| Enter build submenu | 36 | |
| Enter hero's abilities submenu | 12 | |
| Give item / drop item | 5 | |
| Remove unit from queue | 2 | |
| Right click | 1877 | |
| Select / deselect | 773 | |
| Select group hotkey | 195 | |
| Use ability | 233 | |
3307 total
» units
| Acolyte | 29 | |
| Ghoul | 3 | |
| Crypt Fiend | 18 | |
| Makrura Deepseer | 1 | |
| Frost Wyrm | 7 | |
58 total
» upgrades
| Creature Attack | 3 | |
| Creature Carapace | 3 | |
| Web | 2 | |
| Burrow | 1 | |
9 total
» buildings
| Altar of Darkness | 1 | |
| Ziggurat | 12 | |
| Crypt | 2 | |
| Graveyard | 1 | |
| Tomb of Relics | 1 | |
| Nerubian Tower | 1 | |
| Spirit Tower | 3 | |
| Halls of the Dead | 1 | |
| Sacrificial Pit | 1 | |
| Black Citadel | 1 | |
| Necropolis | 4 | |
| Boneyard | 2 | |
30 total
» build order
00:14 Altar of Darkness
00:19 Ziggurat
00:25 Crypt
01:00 Graveyard
01:22 Tomb of Relics
01:38 Nerubian Tower
02:06 Ziggurat
04:10 Ziggurat
04:42 Spirit Tower
06:01 Halls of the Dead
06:04 Ziggurat
08:08 Spirit Tower
09:28 Ziggurat
09:30 Sacrificial Pit
12:41 Spirit Tower
12:44 Ziggurat
12:48 Black Citadel
13:06 Necropolis
13:08 Ziggurat
13:12 Ziggurat
14:01 Spirit Tower
15:11 Boneyard
15:13 Boneyard
35:49 Crypt
35:52 Ziggurat
35:52 Ziggurat
42:24 Necropolis
45:24 Necropolis
48:04 Ziggurat
48:05 Ziggurat
48:45 Necropolis
» items
| Rod of Necromancy | 1 | |
| Healing Salve | 1 | |
| Lesser Clarity Potion | 3 | |
| Potion of Healing | 1 | |
| Scroll of Regeneration | 1 | |
| Orb of Corruption | 1 | |
| Scroll of Town Portal | 1 | |
| Boots of Speed | 1 | |
10 total

»
Jehovah (
red | 12 APM | 882 actions | 72:49)
4 Mountain King
2 Storm Bolt
2 Bash
» actions
| Basic commands | 22 | |
| Build / train | 26 | |
| Enter build submenu | 11 | |
| Enter hero's abilities submenu | 4 | |
| Right click | 599 | |
| Select / deselect | 197 | |
| Use ability | 23 | |
882 total
» units
| Peasant | 9 | |
| Footman | 9 | |
| Goblin Shredder | 1 | |
19 total
» buildings
| Farm | 5 | |
| Altar of Kings | 1 | |
| Barracks | 1 | |
| Lumber Mill | 1 | |
| Keep | 1 | |
| Arcane Vault | 1 | |
| Castle | 1 | |
| Blacksmith | 1 | |
12 total
» build order
00:08 Farm
00:21 Altar of Kings
00:59 Barracks
01:05 Farm
01:50 Farm
02:13 Lumber Mill
02:38 Keep
03:48 Arcane Vault
05:18 Castle
05:28 Blacksmith
06:28 Farm
06:32 Farm
MyBladeKlsFags (
orange | 48 APM | 3469 actions | 72:50)
10 Blademaster
3 Wind Walk
3 Critical Strike
1 Bladestorm
3 Mirror Image
» actions
| Assign group hotkey | 84 | |
| Basic commands | 143 | |
| Build / train | 154 | |
| Enter build submenu | 87 | |
| Enter hero's abilities submenu | 10 | |
| Give item / drop item | 32 | |
| Remove unit from queue | 2 | |
| Right click | 1378 | |
| Select / deselect | 724 | |
| Select group hotkey | 484 | |
| Use ability | 371 | |
3469 total
» units
| Peon | 17 | |
| Grunt | 7 | |
| Goblin Shredder | 4 | |
| Goblin Zeppelin | 4 | |
| Goblin Sapper | 25 | |
| Demolisher | 7 | |
| Troll Batrider | 7 | |
| Acolyte | 1 | |
72 total
» upgrades
| Reinforced Defenses | 1 | |
| Ranged Weapons | 3 | |
| Armor | 4 | |
| Envenomed Spears | 1 | |
| Liquid Fire | 1 | |
| Ensnare | 1 | |
| Pillage | 1 | |
| Spiked Barricades | 3 | |
| Burning Oil | 1 | |
| Troll Regeneration | 1 | |
| War Drums Damage Increase | 1 | |
| Melee Weapons | 3 | |
| Berserker Upgrade | 1 | |
| Berserker Strength | 1 | |
| Backpack | 1 | |
| Shaman Training | 2 | |
| Witch Doctor Training | 2 | |
| Spirit Walker Training | 2 | |
30 total
» buildings
| Orc Burrow | 7 | |
| Altar of Storms | 1 | |
| Barracks | 4 | |
| Voodoo Lounge | 6 | |
| Stronghold | 7 | |
| Great Hall | 6 | |
| War Mill | 2 | |
| Watch Tower | 79 | |
| Fortress | 2 | |
| Beastiary | 4 | |
| Spirit Lodge | 1 | |
119 total
» build order
00:12 Orc Burrow
01:01 Altar of Storms
01:02 Barracks
01:12 Orc Burrow
01:54 Voodoo Lounge
02:53 Stronghold
03:58 Orc Burrow
04:39 Great Hall
05:22 War Mill
06:41 Watch Tower
06:42 Watch Tower
06:44 Watch Tower
06:45 Watch Tower
07:09 Fortress
08:07 Watch Tower
08:08 Watch Tower
08:08 Watch Tower
08:09 Watch Tower
08:10 Watch Tower
08:11 Watch Tower
08:42 Orc Burrow
09:16 Voodoo Lounge
11:29 Watch Tower
11:30 Watch Tower
11:31 Watch Tower
11:32 Watch Tower
11:32 Watch Tower
11:33 Watch Tower
11:54 Watch Tower
11:55 Watch Tower
11:56 Watch Tower
11:58 Watch Tower
12:00 Watch Tower
12:09 War Mill
12:31 Watch Tower
12:32 Watch Tower
12:33 Watch Tower
12:33 Watch Tower
12:34 Watch Tower
12:35 Watch Tower
12:35 Watch Tower
12:36 Watch Tower
13:58 Beastiary
13:58 Beastiary
14:00 Beastiary
14:05 Beastiary
18:57 Watch Tower
18:58 Watch Tower
19:00 Watch Tower
19:00 Watch Tower
19:02 Watch Tower
19:03 Watch Tower
22:49 Great Hall
22:53 Watch Tower
22:55 Watch Tower
22:56 Watch Tower
22:57 Watch Tower
23:01 Watch Tower
23:01 Watch Tower
23:02 Watch Tower
23:03 Watch Tower
23:04 Watch Tower
23:06 Watch Tower
23:07 Watch Tower
23:07 Watch Tower
23:12 Voodoo Lounge
25:56 Barracks
25:57 Barracks
25:58 Barracks
28:45 Orc Burrow
28:48 Orc Burrow
29:09 Orc Burrow
35:36 Great Hall
35:38 Watch Tower
35:38 Watch Tower
35:39 Watch Tower
35:40 Watch Tower
35:41 Watch Tower
35:42 Watch Tower
35:42 Watch Tower
35:43 Watch Tower
35:43 Watch Tower
35:43 Watch Tower
35:47 Voodoo Lounge
40:23 Great Hall
40:26 Voodoo Lounge
40:45 Watch Tower
40:46 Watch Tower
40:46 Watch Tower
40:47 Watch Tower
40:48 Watch Tower
40:48 Watch Tower
40:49 Watch Tower
40:49 Watch Tower
40:51 Watch Tower
40:51 Watch Tower
40:51 Watch Tower
40:52 Watch Tower
42:47 Great Hall
43:26 Voodoo Lounge
44:42 Watch Tower
44:43 Watch Tower
44:43 Watch Tower
44:44 Watch Tower
44:46 Watch Tower
44:46 Watch Tower
44:47 Watch Tower
44:49 Watch Tower
45:24 Great Hall
49:16 Spirit Lodge
50:15 Stronghold
50:17 Stronghold
50:19 Stronghold
50:22 Stronghold
50:24 Stronghold
50:26 Stronghold
52:56 Fortress
» items
| Healing Salve | 7 | |
| Boots of Speed | 1 | |
| Orb of Lightning | 1 | |
| Potion of Healing | 3 | |
| Potion of Mana | 3 | |
| Lesser Clarity Potion | 3 | |
| Circlet of Nobility | 1 | |
| Orb of Corruption | 1 | |
| Periapt of Vitality | 1 | |
| Scroll of Town Portal | 3 | |
| Pendant of Energy | 1 | |
| Mantle of Intelligence +3 | 1 | |
| Ankh of Reincarnation | 1 | |
| Gloves of Haste | 1 | |
| Staff of Teleportation | 2 | |
30 total

»
DirectMYBLADE (
pink | 48 APM | 1703 actions | 35:40)
7 Death Knight
3 Death Coil
3 Unholy Aura
1 Animate Dead
6 Lich
3 Frost Nova
2 Frost Armor
1 Death and Decay
» actions
| Assign group hotkey | 26 | |
| Basic commands | 264 | |
| Build / train | 77 | |
| Enter build submenu | 26 | |
| Enter hero's abilities submenu | 13 | |
| Give item / drop item | 2 | |
| Remove unit from queue | 2 | |
| Right click | 714 | |
| Select / deselect | 270 | |
| Select group hotkey | 206 | |
| Use ability | 103 | |
1703 total
» units
| Acolyte | 8 | |
| Ghoul | 3 | |
| Crypt Fiend | 6 | |
| Frost Wyrm | 12 | |
| Obsidian Statue | 3 | |
32 total
» upgrades
| Creature Attack | 3 | |
| Freezing Breath | 1 | |
| Creature Carapace | 2 | |
6 total
» buildings
| Graveyard | 1 | |
| Crypt | 1 | |
| Altar of Darkness | 1 | |
| Ziggurat | 17 | |
| Tomb of Relics | 1 | |
| Halls of the Dead | 1 | |
| Black Citadel | 1 | |
| Sacrificial Pit | 1 | |
| Slaughterhouse | 1 | |
| Boneyard | 2 | |
| Spirit Tower | 5 | |
32 total
» build order
00:14 Graveyard
00:18 Crypt
00:50 Altar of Darkness
01:02 Ziggurat
01:52 Tomb of Relics
02:19 Ziggurat
03:29 Halls of the Dead
04:32 Ziggurat
05:53 Black Citadel
06:00 Sacrificial Pit
06:02 Ziggurat
07:35 Slaughterhouse
08:33 Boneyard
08:38 Boneyard
08:45 Ziggurat
11:31 Ziggurat
11:34 Ziggurat
11:51 Spirit Tower
12:06 Spirit Tower
12:09 Spirit Tower
12:41 Spirit Tower
15:52 Ziggurat
15:53 Ziggurat
23:33 Spirit Tower
25:37 Ziggurat
25:38 Ziggurat
25:39 Ziggurat
32:49 Ziggurat
32:49 Ziggurat
32:50 Ziggurat
35:19 Ziggurat
35:21 Ziggurat
» items
| Rod of Necromancy | 1 | |
| Healing Salve | 1 | |
| Orb of Corruption | 1 | |
| Scroll of Town Portal | 6 | |
| Scroll of Healing | 5 | |
| Potion of Lesser Invulnerability | 1 | |
15 total
team 2 (loser)

»
bruzer (
blue | 56 APM | 2113 actions | 37:28)
5 Mountain King
3 Bash
2 Storm Bolt
3 Paladin
2 Holy Light
1 Divine Shield
» actions
| Assign group hotkey | 15 | |
| Basic commands | 1 | |
| Build / train | 89 | |
| Enter build submenu | 41 | |
| Enter hero's abilities submenu | 9 | |
| Give item / drop item | 2 | |
| Right click | 686 | |
| Select / deselect | 363 | |
| Select group hotkey | 832 | |
| Use ability | 75 | |
2113 total
» units
| Peasant | 39 | |
| Rifleman | 8 | |
| Mortar Team | 3 | |
| Siege Engine | 2 | |
| Gryphon Rider | 2 | |
| Dragonhawk Rider | 3 | |
57 total
» upgrades
| Gunpowder | 1 | |
| Armor | 1 | |
| Long Rifles | 1 | |
| Lumber Harvesting | 1 | |
| Masonry | 2 | |
| Flare | 1 | |
| Barrage | 1 | |
| Animal War Training | 1 | |
| Priest Training | 1 | |
10 total
» buildings
| Blacksmith | 1 | |
| Barracks | 2 | |
| Farm | 16 | |
| Altar of Kings | 2 | |
| Arcane Vault | 1 | |
| Keep | 2 | |
| Town Hall | 6 | |
| Lumber Mill | 1 | |
| Workshop | 2 | |
| Castle | 2 | |
| Scout Tower | 1 | |
| Guard Tower | 1 | |
| Gryphon Aviary | 4 | |
41 total
» build order
00:36 Blacksmith
00:52 Barracks
01:07 Farm
01:43 Farm
01:50 Altar of Kings
02:09 Farm
02:23 Farm
02:48 Farm
03:09 Farm
03:50 Arcane Vault
05:42 Keep
07:24 Town Hall
07:32 Lumber Mill
08:01 Farm
08:10 Workshop
08:12 Workshop
08:15 Farm
12:43 Castle
12:51 Farm
12:53 Farm
20:25 Town Hall
22:28 Scout Tower
22:59 Guard Tower
23:06 Town Hall
25:10 Town Hall
25:51 Altar of Kings
27:46 Keep
29:05 Town Hall
30:15 Castle
30:25 Farm
30:28 Gryphon Aviary
30:29 Gryphon Aviary
30:30 Gryphon Aviary
30:33 Gryphon Aviary
31:51 Barracks
31:53 Farm
31:55 Farm
31:56 Farm
32:42 Farm
32:54 Farm
36:45 Town Hall
» items
| Scroll of Regeneration | 3 | |
| Scroll of Town Portal | 2 | |
| Lesser Clarity Potion | 1 | |
| Staff of Teleportation | 1 | |
7 total
wqeiuwoiuroiweu (
yellow | 51 APM | 272 actions | 05:20)
2 Mountain King
1 Storm Bolt
1 Bash
» actions
| Assign group hotkey | 6 | |
| Basic commands | 19 | |
| Build / train | 25 | |
| Enter build submenu | 10 | |
| Enter hero's abilities submenu | 2 | |
| Right click | 66 | |
| Select / deselect | 70 | |
| Select group hotkey | 57 | |
| Use ability | 17 | |
272 total
» units
| Peasant | 11 | |
| Footman | 4 | |
| Goblin Shredder | 3 | |
18 total
» upgrades
» buildings
| Altar of Kings | 1 | |
| Farm | 4 | |
| Barracks | 1 | |
| Lumber Mill | 1 | |
| Scout Tower | 1 | |
| Arcane Tower | 1 | |
| Keep | 1 | |
| Town Hall | 1 | |
11 total
» build order
00:20 Altar of Kings
00:34 Farm
00:50 Barracks
00:57 Farm
01:16 Lumber Mill
01:51 Farm
02:14 Scout Tower
02:40 Arcane Tower
04:01 Keep
04:08 Farm
04:49 Town Hall
humans (
teal | 120 APM | 8713 actions | 72:49)
9 Archmage
3 Summon Water Elemental
3 Brilliance Aura
2 Blizzard
1 Mass Teleport
9 Blood Mage
3 Flame Strike
2 Siphon Mana
1 Summon Phoenix
3 Banish
» actions
| Assign group hotkey | 177 | |
| Basic commands | 349 | |
| Build / train | 397 | |
| ESC pressed | 4 | |
| Enter build submenu | 87 | |
| Enter hero's abilities submenu | 19 | |
| Give item / drop item | 20 | |
| Remove unit from queue | 1 | |
| Right click | 2824 | |
| Select / deselect | 1111 | |
| Select group hotkey | 3096 | |
| Use ability | 627 | |
8713 total
» units
| Peasant | 21 | |
| Footman | 13 | |
| Goblin Shredder | 7 | |
| Gryphon Rider | 5 | |
| Goblin Sapper | 2 | |
| Sorceress | 4 | |
| Goblin Zeppelin | 17 | |
| Dragonhawk Rider | 6 | |
| Flying Machine | 8 | |
| Siege Engine | 1 | |
| Knight | 8 | |
| Rifleman | 10 | |
| Mortar Team | 3 | |
| Priest | 7 | |
112 total
» upgrades
| Masonry | 5 | |
| Defend | 1 | |
| Swords | 3 | |
| Armor | 3 | |
| Storm Hammers | 1 | |
| Animal War Training | 1 | |
| Cloud | 1 | |
| Sorceress Training | 2 | |
| Plating | 3 | |
| Gunpowder | 3 | |
| Flak Cannons | 1 | |
| Flying Machine Bombs | 1 | |
| Flare | 1 | |
| Barrage | 1 | |
| Fragmentation Shards | 1 | |
| Priest Training | 2 | |
| Long Rifles | 1 | |
| Backpack | 1 | |
| Control Magic | 1 | |
| Lumber Harvesting | 1 | |
34 total
» buildings
| Altar of Kings | 1 | |
| Barracks | 1 | |
| Farm | 10 | |
| Arcane Vault | 3 | |
| Lumber Mill | 1 | |
| Town Hall | 5 | |
| Keep | 1 | |
| Scout Tower | 60 | |
| Arcane Tower | 6 | |
| Guard Tower | 115 | |
| Castle | 3 | |
| Blacksmith | 2 | |
| Gryphon Aviary | 3 | |
| Arcane Sanctum | 1 | |
| Workshop | 3 | |
215 total
» build order
00:54 Altar of Kings
00:58 Barracks
00:59 Farm
01:04 Farm
01:13 Farm
01:56 Arcane Vault
02:10 Lumber Mill
02:30 Farm
04:00 Town Hall
04:52 Keep
05:02 Scout Tower
05:37 Scout Tower
05:39 Scout Tower
05:40 Scout Tower
05:43 Arcane Tower
06:14 Guard Tower
06:22 Guard Tower
06:22 Guard Tower
06:22 Guard Tower
07:26 Castle
07:39 Guard Tower
07:44 Scout Tower
07:45 Scout Tower
07:46 Scout Tower
07:49 Scout Tower
07:52 Scout Tower
08:13 Guard Tower
08:13 Guard Tower
08:13 Guard Tower
08:14 Guard Tower
08:14 Guard Tower
08:14 Guard Tower
08:14 Guard Tower
08:25 Scout Tower
08:29 Scout Tower
08:31 Scout Tower
08:32 Scout Tower
08:34 Scout Tower
08:37 Scout Tower
08:39 Scout Tower
08:57 Guard Tower
08:57 Guard Tower
08:57 Guard Tower
08:58 Guard Tower
08:58 Guard Tower
08:58 Guard Tower
08:58 Guard Tower
08:59 Guard Tower
08:59 Guard Tower
09:00 Guard Tower
09:00 Guard Tower
09:02 Guard Tower
09:03 Guard Tower
09:03 Guard Tower
09:03 Guard Tower
09:16 Guard Tower
09:17 Guard Tower
09:17 Guard Tower
09:17 Guard Tower
09:20 Blacksmith
09:21 Blacksmith
09:49 Gryphon Aviary
09:51 Gryphon Aviary
10:09 Scout Tower
10:10 Scout Tower
10:13 Guard Tower
10:13 Guard Tower
10:13 Guard Tower
10:15 Castle
10:17 Scout Tower
10:17 Scout Tower
10:18 Scout Tower
10:19 Scout Tower
10:23 Scout Tower
10:24 Scout Tower
11:03 Guard Tower
11:04 Guard Tower
11:04 Guard Tower
11:04 Guard Tower
11:47 Guard Tower
11:47 Guard Tower
11:54 Farm
11:56 Farm
11:57 Farm
11:59 Farm
12:27 Gryphon Aviary
14:52 Arcane Sanctum
15:17 Farm
15:19 Farm
17:49 Workshop
17:50 Workshop
17:52 Workshop
20:23 Scout Tower
20:32 Scout Tower
20:36 Scout Tower
20:37 Scout Tower
20:38 Scout Tower
20:39 Scout Tower
20:41 Scout Tower
21:05 Guard Tower
21:05 Guard Tower
21:06 Guard Tower
21:23 Guard Tower
21:23 Guard Tower
21:23 Guard Tower
21:23 Guard Tower
29:14 Scout Tower
29:15 Scout Tower
29:18 Scout Tower
29:19 Scout Tower
29:20 Scout Tower
29:20 Scout Tower
29:23 Scout Tower
29:24 Scout Tower
29:53 Town Hall
29:56 Scout Tower
29:57 Scout Tower
29:58 Scout Tower
29:59 Scout Tower
30:00 Scout Tower
30:00 Scout Tower
30:01 Scout Tower
30:01 Scout Tower
30:02 Scout Tower
30:03 Scout Tower
30:04 Scout Tower
30:05 Scout Tower
30:26 Guard Tower
30:26 Guard Tower
30:26 Guard Tower
30:27 Guard Tower
30:28 Guard Tower
30:28 Guard Tower
30:29 Guard Tower
31:20 Guard Tower
32:53 Guard Tower
32:53 Guard Tower
32:53 Guard Tower
32:54 Guard Tower
32:54 Guard Tower
32:54 Guard Tower
32:55 Guard Tower
32:55 Guard Tower
32:55 Guard Tower
33:21 Guard Tower
35:01 Guard Tower
35:02 Guard Tower
38:17 Town Hall
38:19 Scout Tower
38:20 Scout Tower
38:20 Scout Tower
38:21 Scout Tower
38:33 Scout Tower
38:34 Scout Tower
38:35 Scout Tower
38:36 Scout Tower
38:47 Guard Tower
38:48 Guard Tower
38:49 Guard Tower
38:49 Guard Tower
38:49 Guard Tower
38:50 Guard Tower
38:50 Guard Tower
38:51 Guard Tower
38:51 Guard Tower
38:51 Guard Tower
39:04 Town Hall
39:15 Guard Tower
39:15 Guard Tower
39:16 Guard Tower
39:22 Guard Tower
39:23 Guard Tower
39:23 Guard Tower
39:23 Guard Tower
39:51 Scout Tower
42:51 Arcane Tower
42:51 Arcane Tower
53:23 Arcane Vault
53:29 Arcane Vault
65:49 Town Hall
» items
| Scroll of Regeneration | 13 | |
| Mechanical Critter | 13 | |
| Pendant of Energy | 2 | |
| Ivory Tower | 3 | |
| Potion of Greater Healing | 1 | |
| Tome of Retraining | 1 | |
| Staff of Teleportation | 2 | |
| Scroll of Town Portal | 6 | |
| Staff of Sanctuary | 1 | |
| Mana Stone | 2 | |
| Claws of Attack +9 | 2 | |
| Periapt of Vitality | 6 | |
| Potion of Lesser Invulnerability | 8 | |
| Potion of Healing | 2 | |
| Lesser Clarity Potion | 1 | |
| Potion of Invulnerability | 1 | |
64 total

»
Domald_Trump (
green | 57 APM | 2041 actions | 35:49)
3 Warden
2 Fan of Knives
1 Shadow Strike
2 Mountain King
1 Thunder Clap
1 Storm Bolt
» actions
| Assign group hotkey | 29 | |
| Basic commands | 69 | |
| Build / train | 115 | |
| ESC pressed | 23 | |
| Enter build submenu | 44 | |
| Enter hero's abilities submenu | 5 | |
| Remove unit from queue | 2 | |
| Right click | 894 | |
| Select / deselect | 606 | |
| Select group hotkey | 149 | |
| Use ability | 105 | |
2041 total
» units
| Wisp | 28 | |
| Archer | 9 | |
| Huntress | 15 | |
| Gryphon Rider | 19 | |
| Peasant | 1 | |
| Hippogryph | 8 | |
| Dragonhawk Rider | 4 | |
84 total
» upgrades
| Strength of the Moon | 1 | |
| Moon Armor | 1 | |
| Storm Hammers | 1 | |
| Strength of the Wild | 1 | |
| Swords | 3 | |
| Plating | 2 | |
| Cloud | 1 | |
10 total
» buildings
| Altar of Elders | 1 | |
| Moon Well | 5 | |
| Ancient of War | 5 | |
| Hunter's Hall | 1 | |
| Ancient of Wonders | 1 | |
| Tree of Ages | 2 | |
| Tree of Life | 2 | |
| Farm | 8 | |
| Gryphon Aviary | 3 | |
| Blacksmith | 1 | |
| Ancient of Wind | 2 | |
| Ancient Protector | 1 | |
| Arcane Sanctum | 1 | |
| Arcane Vault | 1 | |
34 total
» build order
00:08 Altar of Elders
00:37 Moon Well
00:47 Ancient of War
01:38 Ancient of War
01:48 Ancient of War
02:02 Moon Well
02:39 Hunter's Hall
03:28 Ancient of Wonders
04:07 Tree of Ages
04:07 Tree of Ages
04:55 Tree of Life
06:10 Ancient of War
06:13 Ancient of War
06:15 Moon Well
06:19 Moon Well
12:05 Farm
12:06 Farm
12:11 Gryphon Aviary
12:14 Gryphon Aviary
12:17 Gryphon Aviary
13:55 Farm
13:57 Farm
14:57 Farm
15:00 Blacksmith
15:15 Ancient of Wind
15:18 Ancient of Wind
15:51 Moon Well
16:14 Tree of Life
16:18 Ancient Protector
19:42 Farm
19:42 Farm
19:43 Farm
22:39 Arcane Sanctum
23:49 Arcane Vault
» items
Chat log
(00:05 / All) humans: nice names pink and orange
(00:26 / Allies) DirectMYBLADE: h
(00:44 / All) MyBladeKlsFags: and I don't want the world to see me
(00:48 / All) MyBladeKlsFags: cuz I don't think that they'd understand
(00:53 / All) MyBladeKlsFags: when everything's made to be broken
(00:58 / All) MyBladeKlsFags: I JUST WANT U TO KNOW WHO I AM
(01:05 / All) wqeiuwoiuroiweu: i love that song
(01:06 / All) Domald_Trump: youre a faggot
(01:31 / All) MyBladeKlsFags: looked it up just now
(01:38 / All) MyBladeKlsFags: hadn't heard it in years
(02:04 / All) DirectMYBLADE: im not a perfect person
(02:13 / All) DirectMYBLADE: i never meant to do those things to you
(02:17 / All) MyBladeKlsFags: THERES MANY THINGS I WISH I DIDNT DO
(02:56 / All) DirectMYBLADE: And so i have to say before i go
(03:48 / All) DirectMYBLADE: I FOUND A REASON FOR ME
(03:53 / All) Domald_Trump: shut ip
(04:00 / All) DirectMYBLADE: A REASON TO START OVER NEW
(04:22 / 7) DirectMYBLADE: AND THE REASON IS you
(05:05 / All) DirectMYBLADE: makes me cry evertim
(05:33 / All) DirectMYBLADE: lol
(09:47 / Allies) Jehovah: fiend
(11:26 / Allies) DirectMYBLADE: its ok
(12:03 / Allies) Derdan: ty.
(15:23 / All) DirectMYBLADE: yummy
(18:46 / Allies) Derdan: well thats me out im afraid
(18:47 / Allies) Derdan: thx for the help
(18:51 / Allies) MyBladeKlsFags: np
(19:03 / Allies) DirectMYBLADE: ur fine
(19:45 / Allies) Derdan: i have no acolyes or town hlal tho
(19:49 / Allies) Derdan: cant build anything now
(19:54 / Allies) DirectMYBLADE: its ok
(19:57 / Allies) DirectMYBLADE: we still will win
(20:02 / Allies) Derdan: we have 2 bases vs 4 -.-
(20:30 / Allies) MyBladeKlsFags: We have Tojara
(21:30 / All) DirectMYBLADE: gg
(21:38 / All) humans: gg you lose out
(22:36 / All) MyBladeKlsFags: for some reason if you just use 1 hero
(22:42 / All) MyBladeKlsFags: that big boss at the expos doesn't attack
(22:51 / Allies) DirectMYBLADE: holy shit
(22:55 / Allies) DirectMYBLADE: get AA orange
(23:03 / Allies) Derdan: oj is useless dude he's a troll
(23:15 / Allies) DirectMYBLADE: OJ
(23:16 / Allies) MyBladeKlsFags: I've done way more than you lmao
(23:44 / Allies) Derdan: u have 5k gold...
(23:53 / Allies) MyBladeKlsFags: you have 20
(23:54 / Allies) MyBladeKlsFags: damn u suck
(26:04 / Allies) Derdan: do u plan on making units
(26:08 / All) DirectMYBLADE: orange
(26:11 / Allies) MyBladeKlsFags: destroyers
(28:37 / Allies) Derdan: oh wow 2 demolishers thats useful
(29:07 / Allies) DirectMYBLADE: cmon orange
(29:08 / Allies) DirectMYBLADE: CMON
(29:19 / All) DirectMYBLADE: oj trolling so fyc==yujubg hard
(31:03 / All) MyBladeKlsFags: What's ypour prob cuh?
(31:09 / All) DirectMYBLADE: your such a faggot teal
(31:17 / All) humans: LOL
(31:18 / All) DirectMYBLADE: you have such a lame strat
(31:19 / Allies) Derdan: get fiends pink
(31:42 / All) humans: I think it's a cool strat
(31:53 / All) humans: I think your reliance on nuking is lame
(32:06 / All) DirectMYBLADE: i think your reliance on tanks and tp is lame
(32:13 / All) Domald_Trump: TANKS r smart bro
(32:14 / All) Domald_Trump: ur JUST DUMB
(32:36 / All) Derdan: oj has also had 5k gold all game
(32:41 / All) Derdan: so there's that
(32:45 / All) Domald_Trump: oj isnt bad
(32:46 / All) MyBladeKlsFags: and?
(32:49 / All) Domald_Trump: hes been killing
(32:51 / All) Domald_Trump: our expansions
(32:53 / All) Domald_Trump: constantly
(32:59 / All) Domald_Trump: and used batriders and demolishers intelligently
(33:03 / All) Domald_Trump: DUDES BETTER THAN U N00BS
(33:05 / All) DirectMYBLADE: shut the fuck up
(33:18 / All) humans: You suck pink
(33:22 / All) humans: newbie undead
(33:24 / All) DirectMYBLADE: you suck
(33:27 / All) Domald_Trump: newbie undead
(33:29 / All) DirectMYBLADE: humannoob
(33:42 / All) Domald_Trump: hi pink
(34:05 / All) DirectMYBLADE: nice faggot
(34:13 / All) DirectMYBLADE: so bad
(34:15 / Allies) Derdan: get fiends bro
(34:16 / All) humans: yeah nice nukes, so much skill
(34:20 / All) DirectMYBLADE: you counter me and you still cant do shit LOL
(34:26 / All) DirectMYBLADE: LMFAO
(34:30 / All) Domald_Trump: nice nukes LOL
(34:33 / All) humans: I'm going to demolish your entire base
(34:33 / All) Domald_Trump: noob
(34:41 / Allies) DirectMYBLADE: green got rekt so early on
(34:43 / Allies) Derdan: so i can go to bed
(34:47 / All) DirectMYBLADE: why are you still here
(34:54 / All) humans: Because you lose
(35:23 / All) MyBladeKlsFags: sup
(35:35 / All) DirectMYBLADE: 7000 gold orange has
(36:03 / All) humans: why'd pink leave lol
(36:37 / All) MyBladeKlsFags: how you know he going there purp?
(36:50 / All) Derdan: cuz im a hacker
(37:08 / All) MyBladeKlsFags: that's what I'm thinking cuh
(39:35 / All) MyBladeKlsFags: thought red was on other team
(39:46 / All) MyBladeKlsFags: hardly remember him
(46:00 / Allies) Derdan: oj when do u plan on finishing this game
(46:22 / Allies) MyBladeKlsFags: when the opportunity presents itself
(52:22 / All) humans: clicked the fucking tp and built in latency means it doesn't matter
(52:48 / All) Derdan: oj isnt even playing what more do u want
(56:37 / Allies) MyBladeKlsFags: sold some of pinks items, sorry but I needed the gold
(56:46 / Allies) Derdan: yea im sure u did
(56:57 / Allies) Derdan: so do i just have to afk
(57:01 / Allies) Derdan: or will u leave to troll even more
(57:16 / Allies) MyBladeKlsFags: If you go afk I'll kill my stuff except for the towers
(57:25 / Allies) Derdan: why do you do this
(57:29 / Allies) Derdan: is this fun for u
(57:42 / Allies) MyBladeKlsFags: yes I like to collect gold
(57:50 / Allies) Derdan: ok well i'll afk
(57:51 / Allies) MyBladeKlsFags: and watch my team fight futilely
(57:54 / Allies) Derdan: you can spend the next 30 minutes
(57:59 / Allies) Derdan: killing ur own towers
(58:06 / Allies) Derdan: suicide pink im sure u will
(58:16 / Allies) Derdan: kill my dk
(58:19 / All) Derdan: w/e
(59:26 / All) MyBladeKlsFags: doesn't look like you stayed afk for long
(59:33 / All) Derdan: i just wanted to check in
(59:35 / All) Derdan: so are u gonna let teal win?
(59:37 / All) Derdan: is that the deal
(59:42 / All) MyBladeKlsFags: I don't know, maybe
(59:44 / All) MyBladeKlsFags: Plead your case
(59:51 / All) Derdan: my case is fuck you
(60:02 / All) MyBladeKlsFags: Well that isn't very persuasive at all!
(65:27 / All) MyBladeKlsFags: red fired up the torrent client and filled it with porn
(66:17 / Allies) MyBladeKlsFags: Purple
(66:25 / Allies) MyBladeKlsFags: What do you think about me hitting 50k?
(69:53 / All) MyBladeKlsFags: woohoo!
(69:54 / All) MyBladeKlsFags: 50k
(70:11 / All) MyBladeKlsFags: what do you have to say about that purple?
(70:27 / All) MyBladeKlsFags: what is this map called
(71:22 / All) MyBladeKlsFags: 50-10, that's great NBA numbers
(71:44 / All) MyBladeKlsFags: You there purple?
(72:02 / All) MyBladeKlsFags: Be that way. If you won't talk guess I'll just have to end it right now.